Map: Thunderbird LE

Players

Gumkomen - Winner!

  • Race: Terran Terran
  • League: Master
  • Spawn Location: 5:00

Mez

  • Race: Terran Terran
  • League: Master
  • Spawn Location: 11:00

VOD

Have the link to the VOD?

Description

Time

  • Played on: Aug. 5, 2019, 4:47 a.m.
  • Length: 20:17
Show
View Real Time Build Order
Export as new Build Order

Gumkomen Terran - Winner!

Build Orders:  

Get SALT Encoding   

  12  0:01  SCV  
  14  0:14  SCV  
  14  0:20  Supply Depot  
  14  0:26  SCV  
  15  0:29  Refinery  
  15  0:42  SCV  
  16  0:45  Barracks  
  16  0:54  SCV  
  17  1:00  Refinery  
  17  1:06  SCV  
  18  1:18  SCV  
  19  1:31  Orbital Command  
  19  1:35  Factory  
  19  1:38  Reaper  
  20  1:52  Supply Depot  
  20  1:57  SCV  
  21  2:09  SCV  
  21  2:10  Reaper  
  23  2:22  SCV  
  24  2:26  Hellion  
  24  2:29  Command Center  
  25  2:45  SCV  
  25  2:47  Reaper  
  25  2:50  Hellion  
  29  2:54  Supply Depot  
  29  2:57  SCV  
  30  3:09  SCV  
  31  3:19  Factory Tech Lab  
  31  3:21  SCV  
  31  3:23  Starport  
  32  3:41  SCV  
  32  3:48  Barracks Reactor, Siege Tank  
  36  3:51  Command Center  
  34  3:59  SCV  
  34  4:02  Starport Tech Lab  
  35  4:05  Orbital Command  
  35  4:12  SCV  
  34  4:24  SCV  
  35  4:26  Siege Tank  
  35  4:27  Raven  
  35  4:28  Marine x2  
  42  4:31  Refinery  
  42  4:36  SCV  
  43  4:48  SCV  
  43  4:49  SCV  
  44  5:00  SCV  
  44  5:01  SCV  
  45  5:10  Siege Tank, Marine  
  45  5:11  Marine  
  45  5:12  Raven, SCV  
  45  5:14  SCV  
  53  5:15  Orbital Command  
  53  5:22  Engineering Bay  
  53  5:24  Engineering Bay, SCV  
  53  5:26  Refinery, SCV  
  55  5:28  Marine  
  56  5:36  SCV  
  56  5:38  SCV  
  56  5:41  Marine  
  56  5:42  SCV  
  60  5:48  SCV  
  61  5:50  SCV  
  61  5:54  SCV  
  63  6:00  SCV  
  63  6:02  SCV, Barracks  
  65  6:04  Barracks x2  
  65  6:07  SCV  
  65  6:10  Barracks  
  66  6:13  Terran Infantry Armor Level 1, SCV, Terran Infantry Weapons Level 1  
  66  6:14  SCV  
  68  6:18  Starport Reactor, Orbital Command  
  68  6:25  Supply Depot x2  
  69  6:27  SCV  
  69  6:29  Barracks  
  69  6:33  SCV  
  69  6:39  SCV, Marine x2  
  54  6:40  Siege Tank  
  54  6:45  SCV  
  58  6:47  SCV  
  58  6:51  SCV  
  60  6:55  Barracks Reactor x2  
  60  6:57  SCV, Marine  
  60  6:59  SCV, Barracks  
  60  7:00  Stimpack  
  63  7:01  Barracks  
  63  7:02  Marine x2  
  63  7:03  SCV, Medivac x2  
  70  7:09  SCV  
  70  7:11  SCV, Armory  
  70  7:12  Siege Tank  
  70  7:14  Supply Depot x2  
  70  7:15  Marine  
  76  7:19  Marine x3  
  76  7:22  SCV x2  
  81  7:24  SCV  
  82  7:32  Marine  
  82  7:36  Missile Turret x2, SCV x3  
  86  7:37  Marine x4  
  86  7:38  Barracks Reactor  
  90  7:44  Siege Tank  
  90  7:45  Marine x2  
  90  7:48  SCV x2  
  90  7:50  Barracks Reactor, Refinery, Marine  
  98  7:51  Refinery  
  98  7:52  Barracks Tech Lab  
  98  7:53  Medivac  
  98  7:55  Marine  
  98  7:57  Supply Depot  
  101  8:02  Supply Depot  
  101  8:05  Supply Depot  
  101  8:07  Supply Depot  
  101  8:11  Supply Depot  
  101  8:12  Supply Depot  
  101  8:16  Combat Shield  
  101  8:18  SCV, Marine x5, Medivac  
  109  8:24  SCV x2, Marine x5  
  109  8:26  Supply Depot  
  116  8:31  Supply Depot  
  116  8:32  Supply Depot  
  116  8:36  Marine  
  117  8:42  Marine  
  116  8:48  Marine  
  116  8:49  Marine x9  
  116  8:50  SCV x2  
  116  8:51  SCV  
  116  8:53  Terran Infantry Armor Level 2, Marine, Terran Infantry Weapons Level 2  
  130  8:56  Medivac x2  
  130  8:57  Siege Tank  
  130  8:59  Marine  
  138  9:05  Command Center  
  138  9:06  Marine  
  138  9:07  Marine x2  
  141  9:21  Marine  
  141  9:22  Marine x8  
  150  9:24  Marine x3  
  150  9:29  Siege Tank  
  156  9:33  Missile Turret x2  
  156  9:38  Missile Turret  
  156  9:39  Missile Turret, Marine x2  
  157  9:55  Marine  
  157  9:56  Marine x9  
  157  9:57  Marine x2  
  169  10:01  Siege Tank  
  169  10:03  Factory  
  160  10:13  Marine x3  
  160  10:14  Marine x3  
  159  10:22  Marine x5  
  159  10:23  Marine  
  159  10:24  Medivac x2  
  169  10:31  Marine x2  
  169  10:33  Siege Tank  
  172  10:54  Marine x7  
  172  10:55  Marine x5  
  181  10:59  Liberator  
  177  11:05  Siege Tank  
  177  11:10  Liberator  
  174  11:12  Marine x10  
  174  11:13  Terran Infantry Armor Level 3, Terran Infantry Weapons Level 3, Marine  
  174  11:14  Marine  
  174  11:15  Factory Tech Lab  
  188  11:22  Planetary Fortress  
  188  11:23  Supply Depot x2  
  188  11:24  Supply Depot x2  
  188  11:26  Supply Depot  
  188  11:29  Marine  
  188  11:30  Marine  
  164  11:38  Siege Tank  
  167  11:51  Terran Vehicle Weapons Level 1  
  167  11:55  Marine  
  167  11:56  Marine x11  
  179  12:04  Command Center  
  164  12:12  Siege Tank  
  164  12:13  Siege Tank, Marine  
  164  12:14  Marine, Medivac x2  
  176  12:41  Marine  
  176  12:42  Marine x11  
  182  12:45  Siege Tank  
  182  12:51  Siege Tank  
  188  12:52  Medivac  
  186  12:59  Marine  
  186  13:00  Marine x11  
  189  13:17  Siege Tank, Marine  
  189  13:18  Marine x5  
  192  13:23  Siege Tank  
  195  13:33  Marine x6  
  198  13:35  Medivac  
  198  13:40  Starport x2  
  200  13:41  Starport  
  200  13:45  Terran Ship Weapons Level 1  
  200  13:49  Siege Tank  
  200  13:55  Marine x8  
  160  13:56  Marine x4  
  160  13:57  Siege Tank  
  162  14:13  Marine x12  
  166  14:21  Siege Tank  
  166  14:22  Refinery  
  166  14:23  Refinery  
  168  14:29  Siege Tank  
  168  14:30  Marine  
  168  14:31  Marine x11  
  161  14:48  Marine  
  161  14:50  Marine  
  161  14:51  Marine x10  
  172  14:53  Siege Tank  
  172  14:55  Starport Tech Lab  
  172  14:56  Starport Tech Lab x2  
  175  15:01  Siege Tank  
  175  15:06  Marine  
  166  15:08  Marine x4  
  166  15:09  Marine x7  
  165  15:17  Fusion Core  
  165  15:18  Planetary Fortress  
  165  15:19  SCV x2  
  165  15:20  SCV  
  168  15:24  Marine  
  168  15:26  Marine x3  
  172  15:43  Command Center  
  172  15:45  Refinery, Command Center  
  172  15:49  Refinery  
  164  16:13  Marine  
  164  16:14  Marine x10  
  164  16:15  Siege Tank x2  
  181  16:23  Marine  
  181  16:31  Marine x3  
  181  16:32  Marine x4  
  185  16:40  Marine  
  185  16:44  Battlecruiser  
  185  16:45  Battlecruiser  
  198  16:58  Marine  
  199  17:04  Marine, Orbital Command  
  190  17:52  Marine  
  190  17:53  Marine x9  
  192  18:00  Orbital Command x2  
  161  18:23  Marine x4  
  161  18:24  Marine x7  
  169  18:27  Siege Tank x2  
  172  18:41  Marine x6  
  172  18:46  Orbital Command  
  178  18:55  Medivac x5  
  161  18:59  Siege Tank x2  
  167  19:13  Marine x3  
  167  19:14  Marine x8  
  178  19:25  Medivac  
  178  19:26  Command Center  
  178  19:31  Siege Tank x2, Marine x9  
  184  19:32  Marine x2  
  184  19:33  Medivac  
  199  19:49  Marine x11  
Show
View Real Time Build Order
Export as new Build Order

Mez Terran 

Build Orders: Reaper Expand 

Get SALT Encoding   

  12  0:00  SCV  
  13  0:13  SCV  
  14  0:17  Supply Depot  
  14  0:25  SCV  
  15  0:39  SCV, Barracks  
  16  0:44  Refinery  
  16  0:51  SCV  
  17  1:03  SCV  
  18  1:15  SCV  
  19  1:28  Reaper, Orbital Command  
  20  1:39  Command Center  
  20  1:48  Supply Depot  
  20  1:54  SCV  
  21  2:01  Barracks Reactor  
  21  2:06  SCV  
  22  2:20  Command Center  
  22  2:22  SCV  
  23  2:41  SCV  
  23  2:42  Marine x2  
  25  2:46  Barracks  
  25  2:51  Orbital Command  
  25  2:57  SCV  
  26  2:59  Bunker  
  26  3:03  Engineering Bay  
  26  3:08  Marine  
  26  3:09  SCV, Marine  
  28  3:13  Engineering Bay  
  28  3:18  SCV  
  27  3:21  SCV  
  27  3:26  Marine x2  
  29  3:30  SCV  
  29  3:33  SCV  
  31  3:34  Marine  
  31  3:41  Orbital Command  
  30  3:44  Marine  
  30  3:52  Barracks Tech Lab  
  30  4:04  Terran Infantry Weapons Level 1  
  30  4:06  Marine x2, Supply Depot  
  30  4:07  SCV x2  
  34  4:16  Marauder  
  32  4:17  Stimpack, SCV  
  32  4:19  SCV x2  
  32  4:24  Marine x2  
  35  4:29  SCV  
  35  4:31  SCV  
  37  4:37  Marine  
  37  4:41  Marine x2  
  36  4:51  SCV x2  
  37  4:55  Marine  
  37  4:59  Marine x2  
  39  5:02  SCV  
  39  5:03  SCV  
  41  5:07  Factory  
  41  5:13  Marine  
  41  5:15  SCV  
  41  5:16  SCV x2  
  41  5:17  Marine  
  45  5:25  Refinery  
  45  5:26  Refinery  
  45  5:27  Marine  
  45  5:28  SCV x3  
  49  5:31  Marine, Supply Depot  
  50  5:39  Marine  
  50  5:40  SCV x2  
  50  5:41  SCV  
  54  5:45  Marine  
  54  5:48  Barracks  
  54  5:49  Barracks  
  55  5:51  Barracks  
  55  5:52  SCV  
  55  5:53  SCV  
  55  5:55  Starport, Factory Reactor  
  57  6:00  Engineering Bay, Armory  
  57  6:01  SCV, Supply Depot  
  57  6:02  Marine x2  
  57  6:03  Marine, Orbital Command  
  61  6:07  SCV x2  
  63  6:19  SCV  
  63  6:20  Marine x2  
  63  6:21  Marine  
  63  6:22  Combat Shield  
  67  6:28  SCV x2  
  67  6:31  SCV  
  63  6:40  SCV  
  63  6:43  Barracks Reactor x3, Marine x3  
  63  6:44  SCV x2  
  68  6:52  SCV, Barracks, Terran Infantry Weapons Level 2  
  68  6:53  Barracks  
  69  6:55  Barracks  
  69  6:57  SCV x2  
  69  6:58  Refinery  
  69  7:00  Terran Infantry Armor Level 1  
  71  7:05  SCV  
  72  7:09  SCV x2  
  72  7:12  Marine, Supply Depot  
  72  7:13  Marine x2  
  77  7:17  SCV  
  77  7:21  SCV x2, Barracks  
  80  7:23  Barracks  
  80  7:29  SCV  
  81  7:30  Marine  
  81  7:31  Marine x3  
  81  7:33  Marine x4  
  81  7:34  SCV x2  
  81  7:35  Marine  
  92  7:39  Supply Depot  
  92  7:40  Supply Depot  
  92  7:41  SCV  
  93  7:50  Barracks Reactor  
  93  7:51  Barracks Reactor x2  
  93  7:56  Supply Depot x2  
  93  8:00  Supply Depot  
  93  8:01  Marine x2  
  97  8:06  Marine x7, Supply Depot  
  97  8:08  Medivac x2  
  106  8:13  Barracks Tech Lab x2  
  106  8:19  Marine x2, Supply Depot  
  108  8:20  Supply Depot  
  108  8:22  Supply Depot  
  108  8:30  Marine x5  
  108  8:31  Marine x8  
  108  8:34  Supply Depot  
  120  8:35  Command Center  
  120  8:41  Marine x4  
  120  8:48  Marine x3  
  124  8:49  Marine  
  124  8:50  Marine x7  
  124  8:55  Supply Depot  
  135  8:57  Supply Depot  
  135  9:00  Supply Depot  
  135  9:03  Medivac x2  
  135  9:05  Marine x2  
  141  9:13  Marine x7  
  141  9:15  Marine x2  
  141  9:16  Marine  
  151  9:35  Marine x17  
  151  9:37  Medivac  
  170  9:42  Terran Infantry Weapons Level 3  
  170  9:46  Terran Infantry Armor Level 2  
  170  9:52  Marine  
  170  9:54  Marine x5  
  170  9:55  Marauder x2  
  168  10:07  Marine x4  
  168  10:08  Marauder  
  168  10:09  Marine x4  
  168  10:10  Marine  
  168  10:11  Marine  
  177  10:23  SCV x3  
  177  10:24  Planetary Fortress  
  180  10:30  Missile Turret  
  180  10:35  SCV x3  
  183  10:40  Marine  
  183  10:41  Marine x8  
  192  10:47  SCV  
  192  10:54  Missile Turret  
  191  11:02  Marine x2  
  191  11:03  Marine x14  
  186  11:12  Marine  
  186  11:17  SCV x4  
  191  11:20  Marine x5  
  191  11:30  Marine  
  191  11:31  Marine x11  
  122  11:35  Medivac x2  
  122  11:38  SCV, Marine x3  
  122  11:39  SCV  
  122  11:42  SCV x2  
  124  11:48  Marine x5  
  124  11:49  Marine x2  
  124  11:51  SCV  
  132  12:01  Marine  
  132  12:02  Marine x9  
  132  12:06  Marine x6  
  131  12:11  Marine  
  132  12:19  Marine x7  
  139  12:24  Marine x9  
  139  12:28  Marine  
  147  12:37  Marine x7  
  147  12:42  Marine  
  151  12:45  Medivac x2  
  151  12:49  Marine x6  
  147  13:04  Marine x11  
  148  13:07  Marine x4  
  148  13:12  Marine x2  
  132  13:15  Medivac x2  
  135  13:21  Marine  
  135  13:22  Marine x2  
  137  13:39  Marine  
  137  13:40  Marine  
  137  13:52  Marine x10  
  137  13:53  SCV, Marine x5  
  137  13:54  SCV  
  133  13:57  Marine x2  
  131  14:10  Marine x4  
  131  14:14  SCV  
  131  14:15  SCV x3  
  134  14:26  SCV  
  134  14:27  SCV x3  
  127  14:31  Marine x2  
  127  14:32  Marine x10  
  139  14:39  SCV  
  139  14:54  Marine, Medivac x2  
  139  14:55  SCV x2, Marine x7  
  139  14:56  SCV x2  
  137  15:19  Marine x17  
  149  15:27  Medivac x2  
  153  15:37  Marine x5  
  153  15:40  Marine x9  
  153  15:41  SCV  
  153  16:02  Marine  
  153  16:03  Marine x14  
  164  16:17  Marine  
  164  16:18  Marine  
  166  16:20  Marine, Medivac  
  166  16:21  Marine x7  
  164  16:33  Terran Infantry Armor Level 3  
  164  16:38  Marine x3  
  152  16:45  Marine  
  152  16:46  Marine x11  
  159  16:50  Orbital Command  
  157  17:16  Marine x5  
  157  17:17  Marine x12  
  174  17:32  Command Center, Medivac x2  
  174  17:34  Marine x3  
  180  17:44  Command Center  
  164  18:00  Marine  
  164  18:01  Marine x13  
  164  18:02  Marine  
  164  18:03  Marine x2  
  168  18:12  Orbital Command  
  165  18:32  SCV x2  
  167  18:34  Marine x3  
  167  18:35  Command Center, Marine x14  
  184  18:46  Medivac x2  
  174  18:59  Marine x5  
  174  19:00  Marine x4  
  182  19:23  Marine x3  
  182  19:24  Marine x3  
  182  19:26  Medivac  
Tags
 
Add a new tag
Caveats
  • Supply blocks, unpowered buildings, or Contaminate may cause inaccurate times.
  • Supply counts are checked every 10 seconds.